 Dungeon Crawl Stone Soup version 0.29.0-11-gd7f09526c8 (webtiles) character file.

Game seed: 1020450074206141735

159 Zeldest the Chopper (level 5, -7/47 HPs)
             Began as a Ghoul Monk on Sept 4, 2022.
             Killed by divine providence
             ... invoked by an orc priest
              (16 damage)
             ... on level 3 of the Dungeon.
             The game lasted 00:02:01 (1815 turns).

Zeldest the Chopper (Ghoul Monk)                    Turns: 1815, Time: 00:02:01

Health: -7/47      AC: 12    Str: 21    XL:     5   Next: 40%
Magic:  4/4        EV: 12    Int:  1    God:
Gold:   121        SH:  0    Dex: 11    Spells: 4/4 levels left

rFire   . . .      SeeInvis .   i - +0 mace (protect)
rCold   + . .      Faith    .   (no shield)
rNeg    + + +      Spirit   .   b - +0 robe
rPois   ∞          Reflect  .   (no helmet)
rElec   .          Harm     .   (no cloak)
rCorr   .          Rampage  .   k - +2 pair of gloves of Minor Irritation {Str+4 Int-4}
Will    .....                   (no boots)
Stlth   ++........              (no amulet)
HPRegen 0.00/turn               (no ring)
MPRegen 0.09/turn               (no ring)

@: under a protective aura, inhibited regen
A: claws 1, cold resistance 1, negative energy resistance 3, inhibited
regeneration, torment resistance 2, devour on kill
a: no special abilities


You were on level 3 of the Dungeon.
You visited 1 branch of the dungeon, and saw 3 of its levels.

You collected 121 gold pieces.

Inventory:

Hand Weapons
 i - a +0 mace of protection (weapon)
 j - a +0 hand axe of freezing
 r - a +2 dagger of electrocution
Armour
 b - a +0 robe (worn)
 k - the +2 pair of gloves of Minor Irritation (worn) {Str+4 Int-4}
   (You found it on level 2 of the Dungeon)

   Str:       It affects your strength (+4).
   Int:       It affects your intelligence (-4).
Scrolls
 a - a scroll of amnesia {unknown}
 d - a scroll of teleportation {unknown}
 e - a scroll of identify {unknown}
 f - a scroll of poison {unknown}
 g - a scroll of blinking {unknown}
 h - a scroll of silence {unknown}
 l - a scroll of magic mapping {unknown}
 n - a scroll of fear {unknown}
 p - a scroll of summoning {unknown}
 q - a scroll of immolation {unknown}
 t - a scroll of enchant weapon {unknown}
Potions
 c - 3 potions of ambrosia
 m - 2 potions of lignification {unknown}
 o - a potion of mutation {unknown}
 s - a potion of haste {unknown}
 u - 2 potions of flight {unknown}


   Skills:
 + Level 4.5 Fighting
 * Level 4.7 Axes
 - Level 2.6 Dodging
 - Level 2.1 Stealth


You had 4 spell levels left.
You didn't know any spells.
Your spell library contained the following spells:

 Spells                   Type           Power      Damage    Failure   Level
 Ensorcelled Hibernation  Hex/Ice        0%         N/A       71%         2
 Anguish                  Hex/Necr       0%         N/A       100%        4
 Spider Form              Tmut/Pois      Unusable   N/A       N/A         3

Dungeon Overview and Level Annotations

Branches:
Dungeon (3/15)

Altars:


Innate Abilities, Weirdness & Mutations

You are immune to poison.
You have sharp fingernails.
Your flesh is cold resistant. (rC+)
You are immune to negative energy. (rN+++)
You do not regenerate when monsters are visible.
You are immune to unholy pain and torment.
You thrive by killing the living.


Message History

The orc closely misses you. The orc priest closely misses you.
You miss the orc. The orc closely misses you.
The orc hits you with a +2 short sword of speed.
The orc hits you but does no damage. The orc hits you with a +0 club.
The orc barely misses you. The orc priest hits you with a +0 whip.
You closely miss the orc priest. The orc hits you but does no damage.
The orc closely misses you. x2; The orc hits you but does no damage.
The orc priest hits you with a +0 whip.
The orc hits you with a +2 short sword of speed.
You bump into the rock wall.
The orc barely misses you. The orc hits you with a +0 club.
The orc hits you but does no damage. The orc hits you with a +0 hand axe.
The orc priest completely misses you. The orc closely misses you.
You hit the orc but do no damage.
Your weapon exudes an aura of protection.
The orc misses you.
The orc priest hits you but does no damage.
The orc closely misses you. The orc hits you but does no damage.
The orc hits you with a +2 short sword of speed. x2
You barely miss the orc. The orc hits you with a +0 club.
The orc closely misses you. The orc priest completely misses you.
The orc hits you but does no damage. The orc misses you.
The orc hits you but does no damage. The orc closely misses you.
The orc hits you with a +0 club.
The orc priest hits you but does no damage.
The orc hits you with a +2 short sword of speed.
You miss the orc priest.
You feel less confused.
The orc hits you but does no damage. x2; The orc hits you with a +0 club.
* * * LOW HITPOINT WARNING * * *
The orc barely misses you. The orc priest closely misses you.
You sock the orc priest!
Your weapon exudes an aura of protection.
The orc priest is severely wounded.
The orc misses you. The orc hits you with a +0 club.
* * * LOW HITPOINT WARNING * * *
The orc misses you. The orc hits you but does no damage.
The orc priest calls down the wrath of Beogh upon you.
Beogh smites you!
You die...

.....######..........#
.....# #..........#
.....# #..........#
### .....#
#####(...##.....
.....# #.....#.....
.....########
#...........
...†........#
#..†.#......
).....†.....# #ooo.#
o.... ............#
#o@o.# o...
##..........# ######
... #..........# o.
#........... o
#...........
#...........
##...........
...#####+## ...#####


You could see an orc priest and 4 orcs.

Vanquished Creatures
  An orc wizard (D:3)
  A gnoll (D:1)
  4 adders (D:2)
  2 worms (D:2)
  3 dart slugs
  5 ball pythons
  6 bats
  8 endoplasms
  5 giant cockroaches
  3 hobgoblins
  7 jackals (D:2)
  5 kobolds (D:1)
  5 quokkas
  5 frilled lizards
  5 goblins
  5 rats (D:1)
70 creatures vanquished.

Vanquished Creatures (others)
  4 fungi (D:2)
  A plant (D:2)
5 creatures vanquished.

Grand Total: 75 creatures vanquished

Notes
Turn   | Place    | Note
-------+----------+-------------------------------------------
     0 | D:1      | Zeldest the Ghoul Monk began the quest for the Orb.
     0 | D:1      | Reached XP level 1. HP: 19/19 MP: 0/0
   113 | D:1      | Reached XP level 2. HP: 25/26 MP: 1/1
   201 | D:1      | Reached XP level 3. HP: 29/33 MP: 2/2
   802 | D:2      | Reached XP level 4. HP: 33/40 MP: 3/3
  1096 | D:2      | Found a faded altar of an unknown god.
  1238 | D:2      | Identified the +2 pair of gloves of Minor Irritation {Str+4
                  | Int-4}
  1378 | D:2      | Reached XP level 5. HP: 42/47 MP: 4/4
  1815 | D:3      | Killed from afar by an orc priest

Illustrated notes

Levels and vault maps discovered:
D:1:      sevenhm_arrival_forest_fort_small_4, layout_basic
D:2:      layout_loops_ring, shapermc_ecumenical_altar_mp_urbaneastern,
          minmay_bisected
D:3:      layout_basic, uniq_robin

Skill      XL: |  1  2  3  4 |
---------------+-------------+-----
Axes           | 3 4 |  4.7
Fighting       | 4 |  4.5
Dodging        | |  2.6
Stealth        | |  2.1

Action                   |  1- 3 |  4- 6 || total
-------------------------+-------+-------++-------
Melee: Hand axe          |    30 |       ||    30
       Mace              |    67 |   130 ||   197
       Punch             |     1 |     1 ||     2
 Stab: Sleeping          |     2 |     2 ||     4
Armor: Robe              |    36 |    82 ||   118
Dodge: Dodged            |    77 |   102 ||   179
